 Dungeon Crawl Stone Soup version 0.32-a0-699-g1ee5eff69a (webtiles) character file.

Game seed: 11583067826745424828

66 mopl the Insei (level 4, 0/29 HPs)
             Began as an Octopode Shapeshifter on Mar 13, 2024.
             Slain by an orc
             ... wielding a +0 trident
              (6 damage)
             ... on level 3 of the Dungeon.
             The game lasted 00:01:39 (1646 turns).

mopl the Insei (Octopode Shapeshifter)              Turns: 1646, Time: 00:01:39

Health: 0/29       AC:  1    Str: 13    XL:     4   Next: 15%
Magic:  4/4        EV: 12    Int: 12    God:
Gold:   178        SH:  0    Dex: 13    Spells: 3/3 levels left

rFire   + . .        j - +5 club (spect)
rCold   . . .        (no shield)
rNeg    . . .        (helmet currently unavailable)
rPois   .            (no amulet)
rElec   .            l - ring of protection from fire
rCorr   .            (no ring)
SInv    .            (no ring)
Will    .....        (no ring)
Stlth   ++           (no ring)
HPRegen 0.24/turn    (no ring)
MPRegen 0.09/turn    (no ring)
                     (no ring)

%: no passive effects
@: beast-form
A: beast (slay +2), almost no armour, amphibious, 8 rings, camouflage 1,
gelatinous body 1, (nimble swimmer 1), tentacles
a: Begin Untransformation


You were on level 3 of the Dungeon.
You were a hulking beast.
You visited 1 branch of the dungeon, and saw 3 of its levels.

You collected 178 gold pieces.

Inventory:

Hand Weapons
 j - a +5 spectral club (weapon)
Missiles
 d - 14 poisoned darts (quivered)
Jewellery
 l - a ring of protection from fire (left tentacle)
 m - a ring of fire
Talismans
 b - a beast talisman (active)
 c - a flux talisman
Wands
 o - a wand of roots (10)
Scrolls
 g - 2 scrolls of immolation {unknown}
 h - a scroll of identify {unknown}
 i - a scroll of blinking {unknown}
 n - a scroll of enchant armour {unknown}
 p - a scroll of vulnerability {unknown}
Potions
 a - 3 potions of lignification {!q}
 e - 2 potions of ambrosia {unknown}
 f - a potion of enlightenment {unknown}
 k - 2 potions of curing {unknown}


   Skills:
 + Level 1.7 Fighting
 + Level 2.4 Dodging
 * Level 3.7 Unarmed Combat
 * Level 3.6 Shapeshifting


You had 3 spell levels left.
You didn't know any spells.
Your spell library contained the following spells:

 Spells                   Type           Power      Damage    Failure   Level
 Lesser Beckoning         Tloc           0%         N/A       45%         2
 Gell's Gravitas          Tloc           0%         N/A       69%         3
 Teleport Other           Tloc           0%         N/A       69%         3


Dungeon Overview and Level Annotations

Branches:
Dungeon (3/15)

Altars:
Vehumet

Shops:
D:1 :


Innate Abilities, Weirdness & Mutations

You are a hulking beast.
Your limbs bulge with bestial killing power. (Slay +2)
You cannot wear most types of armour.
You are amphibious.
You can wear up to eight rings at the same time.
Your skin changes colour to match your surroundings (Stealth+).
Your rubbery body absorbs attacks. (AC +1, EV +1)
((You are camouflaged when in or above water. (Stealth+)))
You have tentacles for arms and can constrict up to eight enemies at once.


Message History

You are no longer poisoned.
d - 14 poisoned darts (gained 3)
Things that are here:
a +0 short sword; a kobold corpse You see here a hobgoblin corpse.
You see here a +0 dagger.
You start resting.
HP restored.
p - a scroll labelled ATTUSO LIWAAC A hobgoblin comes into view.
It is carrying a wand of flame.
Found a radiant altar of Vehumet.
An orc comes into view. It is wielding a +0 club.
The hobgoblin shouts!
You hear an angry hiss.
An orc comes into view. It is wielding a +0 trident.
An orc comes into view. It is wielding a +0 dagger.
The hobgoblin zaps a wand.
The puff of flame hits you. You resist.
Found a stone staircase leading up.
The hobgoblin zaps a wand.
The puff of flame hits you. You resist.
An orc wizard comes into view. It is wielding a +0 dagger.
Found a peridot ring.
The orc shouts!
The orc wizard shouts!
You hear a shout!
The hobgoblin zaps a wand.
The puff of flame hits you. You resist.
You see here 2 javelins.
An adder comes into view.
You closely miss the orc. You grab the orc.
Your +5 spectral club hits the orc but does no damage.
You constrict the orc!
You kill the orc!
The hobgoblin hits you.
The orc hits you from afar with a +0 trident!
The orc hits you with a +0 dagger. x2
The orc hits you from afar with a +0 trident.
* * * LOW HITPOINT WARNING * * *
The hobgoblin hits you.
* * * LOW HITPOINT WARNING * * *
Your +5 spectral club disappears.
The orc wizard attacks as it pursues you!
The orc wizard closely misses you. The orc attacks as it pursues you!
The orc hits you from afar with a +0 trident.
You die...

### .. .. .
...###.### ###.
#.#<....# ...
#........=.#
#...#...#.#
#.........#
...#._g#h#
....S.oo(##########
.....#o...........#
..................#
# ####............#
#............#
#............#
#............#
#............#


You could see an orc wizard, an adder and 2 orcs.

Vanquished Creatures
  Robin (D:2)
  A dart slug (D:3)
  An orc (D:3)
  5 endoplasms
  14 goblins
  7 hobgoblins
  6 ball pythons
  3 bats
  4 frilled lizards
  4 kobolds
  2 rats
48 creatures vanquished.

Notes
Turn   | Place    | Note
-------+----------+-------------------------------------------
     0 | D:1      | mopl the Octopode Shapeshifter began the quest for the Orb.
     0 | D:1      | Reached XP level 1. HP: 13/13 MP: 1/1
   172 | D:1      | Reached XP level 2. HP: 14/18 MP: 2/2
   221 | D:1      | Found Azakhani's Book Shop.
   886 | D:2      | Noticed Robin
   894 | D:2      | Reached XP level 3. HP: 18/23 MP: 3/3
   899 | D:2      | Killed Robin
  1176 | D:2      | Found a faded altar of an unknown god.
  1503 | D:3      | Reached XP level 4. HP: 28/28 MP: 4/4
  1639 | D:3      | Found a radiant altar of Vehumet.
  1646 | D:3      | Slain by an orc

Illustrated notes

Levels and vault maps discovered:
D:1:      nzn_arrival_crosshair, layout_basic, serial_shops, shop
D:2:      layout_basic, basic_ecumenical_altar,
          wander_ebering_terrifying_dragon_lair, uniq_robin
D:3:      layout_basic, vehumet_altar_wand_db, kennysheep_generic_room_3

Action                     |  1- 3 |  4- 6 || total
---------------------------+-------+-------++-------
  Melee: Unarmed           |    50 |       ||    50
         Constrict         |    20 |     3 ||    23
         Tentacles         |     7 |     2 ||     9
         Punch             |     1 |       ||     1
         Club              |    17 |     7 ||    24
   Stab: Sleeping          |     6 |       ||     6
 Armour: Skin              |    22 |    12 ||    34
  Dodge: Dodged            |    33 |     5 ||    38

Table legend: (Time is in decaauts)
 A = Elapsed time spent in this place.
 B = Non-inter-level travel time spent in this place.
 C = Inter-level travel time spent in this place.
 D = Time resting spent in this place.
 E = Time spent auto-exploring this place.
 F = Levels seen in this place.
 G = Mean time per level.
                   A        B        C        D        E       F      G
               +--------+--------+--------+--------+--------+-----+--------+
         Total |   1648 |   1616 |     32 |    103 |   1250 |   3 |  549.3 |
       Dungeon |   1648 |   1616 |     32 |    103 |   1250 |   3 |  549.3 |
               +--------+--------+--------+--------+--------+-----+--------+

Top non-repeatable levels by time:
     D:2: 754 daAuts
     D:1: 607 daAuts
     D:3: 285 daAuts
